 Dungeon Crawl Stone Soup version 0.32-a0-768-g0f6f1dd4b9 (webtiles) character file.

Game seed: 7207751420479714382

26 kae the Chopper (level 3, 26/27 HPs)
             Began as a Coglin Gladiator on Mar 18, 2024.
             Quit the game on level 1 of the Dungeon.
             The game lasted 00:00:55 (981 turns).

kae the Chopper (Coglin Gladiator)                   Turns: 981, Time: 00:00:56

Health: 26/27      AC:  4    Str: 14    XL:     3   Next: 8%
Magic:  3/3        EV: 11    Int:  7    God:
Gold:   68         SH:  0    Dex: 17    Spells: 2/2 levels left

rFire   . . .        a - +0 war axe {Cedro}
rCold   . . .        f - +0 dagger {Imanvir}
rNeg    . . .        b - +0 leather armour
rPois   .            c - +0 helmet
rElec   .            (no cloak)
rCorr   .            (no gloves)
SInv    .            (no boots)
Will    .....        (amulet unavailable)
Stlth   +            (ring unavailable)
HPRegen 0.24/turn    (ring unavailable)
MPRegen 0.08/turn    (no gizmo)

%: no passive effects
@: revving
A: off-hand wielding, slow wielding, warmup strikes, no jewellery
a: Invent Gizmo


You were on level 1 of the Dungeon.
You visited 1 branch of the dungeon, and saw 2 of its levels.

You collected 68 gold pieces.


Innate Abilities, Weirdness & Mutations

You can wield a second weapon in your off-hand.
It takes a long time for you to wield or remove held weapons.
Your first few attacks do less damage.
You cannot equip rings or amulets.


   Skills:
 - Level 2.0 Fighting
 + Level 4.1 Axes
 - Level 1.7 Throwing
 - Level 2.6 Dodging


You had 2 spell levels left.
You didn't know any spells.
Your spell library contained the following spells:

 Spells                   Type           Power      Damage    Failure   Level
 Cigotuvi's Dreadful Rot  Necr/Alch/Air  0%         N/A       65%         2
 Ignite Poison            Fire/Alch      0%         N/A       99%         4
 Freezing Cloud           Conj/Ice/Air   0%         6-21      100%        5

Inventory:

Hand Weapons
 a - a +0 war axe (weapon) {Cedro}
 f - a +0 dagger (offhand) {Imanvir}
Missiles
 d - 3 throwing nets (quivered) {=f!f}
 e - a javelin
 k - 11 stones
Armour
 b - a +0 leather armour (worn)
 c - a +0 helmet (worn)
Jewellery
 N - a ring of positive energy
   (You found it on level 1 of the Dungeon)
Scrolls
 h - 2 scrolls of amnesia {unknown}
 l - a scroll of identify {unknown}
 m - 2 scrolls of revelation {unknown}
Potions
 g - a potion of lignification {unknown}
 i - a potion of resistance {unknown}
 j - a potion of heal wounds {unknown}

Dungeon Overview and Level Annotations

Branches:
Dungeon (2/15) Zot: 11013

Altars:

....♣.♣ ....♣.♣ ....♣.♣
...#♣.♣#### ######## #######
....♣.♣...####......#####.....#
....♣.♣##...............♣♣♣♣♣.###
........................♣PP.♣....
....#####...........###.......##.
...## #..####.)@...# ##♣♣♣.♣###.
#### #.## #......# ♣♣♣###. ####
##.# #......# #.##.. .'.####..#
######.## #.##.# ##..#...#######
#..## ####....# ##....####....#
##..###......## .......⌠##.♣♣.♣
##..##.###.... ..##._..##.♣P.♣
##....# ####. )###...∩#..♣♣.♣♣
#...## #.


There were no monsters in sight!


Message History

The kobold hits you with a +0 whip.
* * * LOW HITPOINT WARNING * * *
😨 HP[-3]
You take 3 damage, and now have 8/22 hp.
You miss the kobold with your +0 war axe.
You hit the kobold with your +0 dagger.
You kill the kobold!
k - 11 stones (gained 5)
Things that are here:
a +0 short sword; a frilled lizard corpse You now have 68 gold pieces (gained 11).
Found a stone staircase leading down.
l - a scroll labelled DERUIZX ZOSUPOAN 😎 HP[+14]
Your hp is fully restored (22).
A ribbon worm comes into view.
A ribbon worm is nearby!
A ribbon worm is nearby!
The ribbon worm expels a string of sticky webbing.
The stream of webbing hits you but does no damage.
You are caught in a web!
There is a web here.
The web tears apart.
The ribbon worm bites you! 😮 HP[-8]
You take 8 damage, and now have 14/22 hp.
MASSIVE DAMAGE!! (PAUSE)
You hit the ribbon worm with your +0 dagger.
You hit the ribbon worm with your +0 war axe.
The ribbon worm bites you but does no damage.
You hit the ribbon worm with your +0 dagger.
You hit the ribbon worm with your +0 war axe.
The ribbon worm barely misses you.
Unknown command.
You hit the ribbon worm with your +0 dagger.
You slash the ribbon worm with your +0 war axe!
The ribbon worm misses you.
You hit the ribbon worm with your +0 dagger.
You slash the ribbon worm with your +0 war axe!
You kill the ribbon worm! 😮 HP[+1]
You start resting. 😕 HP[+3]
You regained 3 hp, and now have 18/22 hp.
m - 2 scrolls labelled WOSOEPT RIAT 😎 HP[+4]
Your hp is fully restored (22).
No target in view!
No target in view!
No target in view!
No target in view!
No target in view!
No target in view!
A gnoll comes into view. It is wielding a +0 flail.
A gnoll is nearby!
A ball python comes into view.
The gnoll shouts!
You see here a scroll labelled DERUIZX ZOSUPOAN.
A gnoll comes into view. It is wielding a +0 spear.
The gnoll shouts!
There are monsters nearby!
Unknown command.
A gnoll comes into view. It is wielding a +0 whip.
The gnoll shouts!
There is a stone staircase leading up here.
The gnoll hits you with a +0 flail.
You climb upwards.
There is a stone staircase leading down here. 😕 HP[-1]
You take 1 damage, and now have 21/22 hp.
You slash the gnoll with your +0 war axe!
You closely miss the gnoll with your +0 dagger.
The gnoll closely misses you.
You hit the gnoll with your +0 war axe.
You kill the gnoll!
Your Axes skill increases to level 4!
You have reached level 3!
Your experience leads to an increase in your attributes!
Increase (S)trength, (I)ntelligence, or (D)exterity?
You feel agile. x2
Your brain swirls with designs for a N-20 retroactuator.
You just need some more time... 😕 HP[+5] MP[+1]
You now have 27 max hp (+5).
You regained 5 hp, and now have 26/27 hp.
Your mp is fully restored (3).
Saving game... please wait.
Lua error: /dgldir/rcfiles/crawl-git/kae.rc:525: unexpected symbol near '#' 🤖 Initializing magus.rc ...
Bad monster_list_colour key: strict_neutral Bad channel name 'pray' for runrest: 'pray:' Options error: Missing colour in message_colour setting: 'that.*feels deathly cold' Options error: Missing colour in message_colour setting: 'and you must be Full or above to equip it' Options error: Missing colour in message_colour setting: 'but rights himself reflexively soon after' Options error: Missing colour in message_colour setting: 'before it is too late' ✅ Successfully initialized magus.rc [v1.11.3] Welcome back, kae the Coglin Gladiator.
Press ? for a list of commands and other information.
Unknown command.
Unknown command.
Unknown command.
Are you sure you want to abandon this character and quit the game? (Confirm with "yes".)

Skill      XL: |  1  2 |
---------------+-------+-----
Axes           | 4 |  4.1
Fighting       | |  2.0
Throwing       | |  1.7
Dodging        | |  2.6

Action                     || total
---------------------------++-------
  Melee: War axe           ||    32
         Dagger            ||    29
   Stab: Distracted        ||     1
         Sleeping          ||     1
 Armour: Leather armour    ||    26
  Dodge: Dodged            ||    16

Levels and vault maps discovered:
D:1:      lightli_arrival_statue_moat, layout_rooms, serial_forest,
          infiniplex_forest_lined_room_3, infiniplex_forest_lined_ring,
          infiniplex_forest_lined_room_2, infiniplex_forest_straight_4,
          infiniplex_forest_lined_corner, infiniplex_forest_straight_3,
          infiniplex_forest_lined_ring, infiniplex_forest_straight_4,
          infiniplex_forest_lined_3, infiniplex_forest_lined_corner,
          ebering_ecumenical_altar_abandoned, dk_noncrumbling_2,
          hangedman_abyss_or_decor_stabs
D:2:      layout_basic, small_statue_intersection, item_on_display_a

Notes
Turn   | Place    | Note
-------+----------+-------------------------------------------
     0 | D:1      | kae the Coglin Gladiator began the quest for the Orb.
     0 | D:1      | Reached XP level 1. HP: 16/16 MP: 1/1
     0 | D:1      | magus.rc [v1.11.3]
    24 | D:1      | You add the spells Cigotuvi's Dreadful Rot, Ignite Poison
                  | and Freezing Cloud to your library.
   344 | D:1      | Found a faded altar of an unknown god.
   415 | D:1      | Reached XP level 2. HP: 19/22 MP: 2/2
   981 | D:1      | Reached skill level 4 in Axes
   981 | D:1      | Reached XP level 3. HP: 26/27 MP: 3/3
   981 | D:1      | magus.rc [v1.11.3]
   981 | D:1      | Quit the game

Vanquished Creatures
  A gnoll (D:1)
  A ribbon worm (D:2)
  An endoplasm (D:1)
  A giant cockroach (D:1)
  A goblin (D:1)
  2 hobgoblins
  A ball python (D:1)
  A frilled lizard (D:2)
  4 kobolds
  A rat (D:1)
14 creatures vanquished.

Table legend:
 A = Non-vault XP
 B = Vault XP
 C = Vault XP percentage of total XP
 D = Non-vault monster count
 E = Vault monster count
 F = Vault count percentage of total count
                 A         B        C        D         E       F
            +---------+---------+-------+---------+---------+-------
      Total |      38 |       0 |   0.0 |      14 |       0 |   0.0
            +---------+---------+-------+---------+---------+-------
        D:1 |      27 |       0 |   0.0 |       9 |       0 |   0.0
        D:2 |      11 |       0 |   0.0 |       5 |       0 |   0.0
            +---------+---------+-------+---------+---------+-------

Skill      XL: |  1  2 |
---------------+-------+-----
Axes           | 4 |  4.1
Fighting       | |  2.0
Throwing       | |  1.7
Dodging        | |  2.6

Action                     || total
---------------------------++-------
  Melee: War axe           ||    32
         Dagger            ||    29
   Stab: Distracted        ||     1
         Sleeping          ||     1
 Armour: Leather armour    ||    26
  Dodge: Dodged            ||    16

Illustrated notes

Table legend:
 A = Kills in this place as a percentage of kills in the entire game.
 B = Kills by you in this place as a percentage of kills by you in the entire game.
 C = Kills by friends in this place as a percentage of kills by friends in the entire game.
 D = Other kills in this place as a percentage of other kills in the entire game.
 E = Experience gained in this place as a percentage of experience gained in the entire game.
 F = Experience gained in this place divided by the number of levels of this place that you have seen.
                   A       B       C       D       E      F
               +-------+-------+-------+-------+-------+----------------------
         Total | 100.0 | 100.0 |   N/A |   N/A | 100.0 |  19.0
       Dungeon | 100.0 | 100.0 |   N/A |   N/A | 100.0 |  19.0
               +-------+-------+-------+-------+-------+----------------------

Table legend: (Time is in decaauts)
 A = Elapsed time spent in this place.
 B = Non-inter-level travel time spent in this place.
 C = Inter-level travel time spent in this place.
 D = Time resting spent in this place.
 E = Time spent auto-exploring this place.
 F = Levels seen in this place.
 G = Mean time per level.
                   A        B        C        D        E       F      G
               +--------+--------+--------+--------+--------+-----+--------+
         Total |    986 |    964 |     22 |     12 |    852 |   2 |  493.0 |
       Dungeon |    986 |    964 |     22 |     12 |    852 |   2 |  493.0 |
               +--------+--------+--------+--------+--------+-----+--------+

Top non-repeatable levels by time:
     D:1: 800 daAuts
     D:2: 186 daAuts
